 Dungeon Crawl Stone Soup version 0.30-a0-738-g116ff8c4af (webtiles) character file.

Game seed: 13489229697202016841

110 demibob the Chopper (level 4, 0/37 (39) HPs)
             Began as a Hill Orc Fighter on Feb 3, 2023.
             Was a Follower of Yredelemnul.
             Slain by a gnoll
             ... wielding a +0 flail of draining
              (7 damage)
             ... on level 3 of the Dungeon.
             The game lasted 00:03:07 (2038 turns).

demibob the Chopper (Hill Orc Fighter)              Turns: 2038, Time: 00:03:08

HP:   0/37 (39)     AC:  6    Str: 20    XL:     4   Next: 91%
MP:   4/4           EV:  9    Int:  8    God:    Yredelemnul [*.....]
Gold: 75            SH:  0    Dex: 10    Spells: 3/3 levels left

rFire   + . .      SeeInvis .    a - +0 war axe
rCold   . . .      Faith    .    c - +0 buckler
rNeg    . . .      Spirit   .    b - +0 scale mail
rPois   .          Reflect  .    (no helmet)
rElec   .          Harm     .    (no cloak)
rCorr   .          Rampage  .    (no gloves)
Will    .....                    (no boots) Stlth
                                 (no amulet)
HPRegen 0.26/turn                F - ring of protection from fire
MPRegen 0.09/turn                (no ring)

@: confused, mighty, brilliant, drained
A: no striking features
a: Renounce Religion, Recall Undead Harvest


You were on level 3 of the Dungeon.
You worshipped Yredelemnul.
Yredelemnul was noncommittal.
You visited 1 branch of the dungeon, and saw 3 of its levels.

You collected 97 gold pieces.
You spent 22 gold pieces at shops.


   Skills:
 - Level 3.6 Fighting
 * Level 5.5 Axes
 - Level 3.2 Armour
 + Level 4.3 Shields


You had 3 spell levels left.
You didn't know any spells.
Your spell library was empty.

Inventory:

Hand Weapons
 a - a +0 war axe (weapon)
Armour
 b - a +0 scale mail (worn)
 c - a +0 buckler (worn)
Magical Staves
 i - a staff of air {!a}
Jewellery
 F - a ring of protection from fire (left hand)
Scrolls
 j - a scroll of fear {unknown}
 k - a scroll of torment {unknown}
 l - a scroll of identify {@r1}
 m - a scroll of vulnerability {unknown}
 n - a scroll of blinking {unknown}
 o - a scroll of fog
 q - a scroll of teleportation {unknown}
 r - a scroll of noise {unknown}
Potions
 e - a potion of haste {@q3}
 f - a potion of resistance

Dungeon Overview and Level Annotations

Branches:
Dungeon (3/15)

Altars:
Yredelemnul

Shops:
D:2

:*[ ...####### #.....
.........# #.....
.........###### #.....
........... ... ......
..[....... ..# ......
....<..Z.# #.# .......
......o{)# #.####......#
#.....Z)g####.#..).......
#.#...g.@........# ######
#....$Z........#####
.......................
#.#####.###.#.#.....### #
#.###.#.###.#.#
#.......## .#.# #
######...# <#.# #
###.####.# # #...##.#####


You could see 2 gnolls, an orc (ally target), a friendly gnoll zombie and 2
friendly orc zombies.


Message History

Okay, then.
It was a potion of brilliance.
You feel clever all of a sudden. The orc closely misses you.
The gnoll hits you but does no damage.
You feel drained. The gnoll completely misses you.
The orc hits your gnoll zombie with a +0 dagger.
Your gnoll zombie hits the orc.
Your orc zombie hits something.
You slash the orc!
You kill the orc!
You hit the gnoll. You slash the orc!
You kill the orc!
The dead are walking! x2; The orc throws a boomerang.
The boomerang barely misses your orc zombie.
The boomerang hits you but does no damage.
You hear some strange, mumbled words.
You are confused.
The gnoll hits you but does no damage.
Your gnoll zombie closely misses the orc.
Okay, then.
Are you sure you want to stumble around while confused and next to your orc zombie?
Okay, then.
The orc throws a boomerang.
The boomerang hits your orc zombie. Something hits your orc zombie.
The gnoll barely misses you. The gnoll misses you.
Your orc zombie hits the orc.
Your gnoll zombie completely misses the orc.
Something hits your orc zombie.
Your orc zombie is destroyed!
The gnoll hits you with a +0 flail of draining!
You die...
Your body rises from the dead as a mindless zombie.

Skill      XL: |  1  2  3  4 |
---------------+-------------+-----
Axes           | 3 4 5 |  5.5
Shields        | 4 |  4.3
Fighting       | |  3.6
Armour         | |  3.2

Action                     |  1- 3 |  4- 6 || total
---------------------------+-------+-------++-------
  Melee: War axe           |    86 |    38 ||   124
    Use: Scroll            |     3 |       ||     3
         Potion            |       |     4 ||     4
 Armour: Scale mail        |    49 |    24 ||    73
  Dodge: Dodged            |    34 |    22 ||    56
  Block: Buckler           |    22 |    11 ||    33

Levels and vault maps discovered:
D:1:      dpeg_arrival_lava_temple_mockup, layout_basic,
          minmay_misc_feat_secret_circle
D:2:      layout_basic, serial_shops, shop, shop, shop
D:3:      minmay_diamond_boxcup, layout_basic,
          mainiacjoe_overflow_surrounded_room

Notes
Turn   | Place    | Note
-------+----------+-------------------------------------------
     0 | D:1      | demibob the Hill Orc Fighter began the quest for the Orb.
     0 | D:1      | Reached XP level 1. HP: 19/19 MP: 1/1
   110 | D:1      | Reached skill level 3 in Axes
   202 | D:1      | Reached XP level 2. HP: 26/26 MP: 2/2
  1151 | D:2      | Reached skill level 4 in Axes
  1151 | D:2      | Reached XP level 3. HP: 27/31 MP: 3/3
  1365 | D:2      | Found Laisk's General Store.
  1374 | D:2      | Bought a scroll of identify for 22 gold pieces
  1374 | D:2      | Identified a potion of resistance
  1432 | D:2      | Reached skill level 4 in Shields
  1446 | D:2      | Found Ophou's Armour Boutique.
  1516 | D:2      | Found Jystrit's Book Shop.
  1743 | D:3      | Reached XP level 4. HP: 39/39 MP: 4/4
  1791 | D:3      | Found a basalt altar of Yredelemnul.
  1802 | D:3      | Became a worshipper of Yredelemnul the Dark
  2019 | D:3      | Reached skill level 5 in Axes
  2022 | D:3      | Reached * piety under Yredelemnul
  2032 | D:3      | HP: 3/38 [orc/+0 mace (6)]
  2038 | D:3      | Slain by a gnoll

Vanquished Creatures
  An orc wizard (D:3)
  A gnoll (D:3)
  2 adders (D:2)
  A worm (D:2)
  A dart slug (D:3)
  6 orcs
  3 ball pythons
  3 endoplasms
  A giant cockroach (D:1)
  2 goblins (D:2)
  2 hobgoblins
  4 jackals (D:2)
  2 quokkas
  4 bats
  3 frilled lizards
  4 kobolds
  5 rats
45 creatures vanquished.

Vanquished Creatures (collateral kills)
  An orc (D:3)
1 creature vanquished.

Vanquished Creatures (others)
  A kobold zombie (D:3)
  3 orc zombies (D:3)
4 creatures vanquished.

Grand Total: 50 creatures vanquished

Table legend: (Time is in decaauts)
 A = Elapsed time spent in this place.
 B = Non-inter-level travel time spent in this place.
 C = Inter-level travel time spent in this place.
 D = Time resting spent in this place.
 E = Time spent auto-exploring this place.
 F = Levels seen in this place.
 G = Mean time per level.
                   A        B        C        D        E       F      G
               +--------+--------+--------+--------+--------+-----+--------+
         Total |   2078 |   2043 |     35 |      0 |   1726 |   3 |  692.7 |
       Dungeon |   2078 |   2043 |     35 |      0 |   1726 |   3 |  692.7 |
               +--------+--------+--------+--------+--------+-----+--------+

Top non-repeatable levels by time:
     D:1: 1057 daAuts
     D:2: 678 daAuts
     D:3: 342 daAuts

Table legend:
 A = Non-vault XP
 B = Vault XP
 C = Vault XP percentage of total XP
 D = Non-vault monster count
 E = Vault monster count
 F = Vault count percentage of total count
                 A         B        C        D         E       F
            +---------+---------+-------+---------+---------+-------
      Total |     158 |       0 |   0.0 |      46 |       0 |   0.0
            +---------+---------+-------+---------+---------+-------
        D:1 |      18 |       0 |   0.0 |      12 |       0 |   0.0
        D:2 |      58 |       0 |   0.0 |      18 |       0 |   0.0
        D:3 |      82 |       0 |   0.0 |      16 |       0 |   0.0
            +---------+---------+-------+---------+---------+-------
